 Dungeon Crawl Stone Soup version 0.26.1-11-gd32895ea62 (webtiles) character file.

Game seed: 18396621809858688283

91 Almogavar the Digger (level 4, -1/24 HPs)
             Began as a Gargoyle Earth Elementalist on May 25, 2021.
             Slain by an orc warrior
             ... wielding a +0 trident
              (13 damage)
             ... on level 3 of the Dungeon.
             The game lasted 00:07:25 (2292 turns).

Almogavar the Digger (Gargoyle Earth Elementalist)  Turns: 2292, Time: 00:07:26

Health: -1/24      AC:  7    Str: 12    XL:     4   Next: 57%
Magic:  0/8        EV: 12    Int: 16    God:
Gold:   105        SH:  0    Dex: 10    Spells: 4/8 levels left

rFire    . . .     SeeInvis .   a - +0 mace
rCold    . . .     Faith    .   (no shield)
rNeg     + . .     Spirit   .   c - +0 robe
rPois    ∞         Reflect  .   r - +2 hat
rElec    +         Harm     .   (no cloak)
rCorr    .         Rampage  .   (no gloves)
Will     .....                  (no boots)
Stlth    +++.......             (no amulet)
HPRegen  0.08/turn              g - ring of stealth
MPRegen  0.11/turn              (no ring)

@: no status effects
A: negative energy resistance 1, electricity resistance, unbreathing,
petrification resistance, miasma immunity, AC +3
a: no special abilities


You were on level 3 of the Dungeon.
You visited 1 branch of the dungeon, and saw 3 of its levels.

You collected 105 gold pieces.

Inventory:

Hand Weapons
 a - a +0 mace (weapon)
Missiles
 b - 30 stones
 e - 31 bolts
Armour
 c - a +0 robe (worn)
 p - a +0 ring mail
 r - a +2 hat (worn)
Jewellery
 g - a ring of stealth (left hand)
Scrolls
 d - 2 scrolls of amnesia
 f - 2 scrolls of enchant armour
 h - a scroll of teleportation {unknown}
 m - a scroll of remove curse {unknown}
 o - a scroll of fear {unknown}
 s - a scroll of random uselessness {unknown}
Potions
 i - 5 potions of heal wounds
 k - 3 potions of haste {unknown}
 l - 2 potions of lignification {unknown}
 n - a potion of brilliance {unknown}
 q - a potion of invisibility {unknown}
 t - a potion of degeneration {unknown}


   Skills:
 + Level 0.6 Fighting
 + Level 0.2 Maces & Flails
 + Level 1.8 Dodging
 + Level 2.9 Stealth
 + Level 2.9 Spellcasting
 + Level 0.7 Transmutations
 + Level 4.8 Earth Magic


You had 4 spell levels left.
You knew the following spells:

 Your Spells              Type           Power        Failure   Level
a - Sandblast             Erth           34%          2%          1
b - Stone Arrow           Conj/Erth      20%          22%         3

Your spell library contained the following spells:

 Spells                   Type           Power        Failure   Level
 Passwall                 Tmut/Erth      9%           9%          2
 Confusing Touch          Hex            2%           50%         3
 Gell's Gravitas          Tloc           1%           50%         3
 Petrify                  Tmut/Erth      11%          52%         4
 Lee's Rapid Deconstruct  Erth           8%           58%         5
 Metabolic Englaciation   Hex/Ice        1%           99%         5
 Yara's Violent Unravell  Hex/Tmut       1%           99%         5


Dungeon Overview and Level Annotations

Branches:
Dungeon (3/15)

Altars:
Ashenzari
Elyvilon
Gozag


Innate Abilities, Weirdness & Mutations

You are resistant to torment.
Your stone body is resilient. (AC +3)
You are immune to poison.
You resist negative energy. (rN+)
You are resistant to electric shocks. (rElec)
You can survive without breathing.
You are immune to petrification.
You are immune to miasma.


Message History

Aim: an orc warrior, wielding a +0 trident and wearing a +0 chain mail (severely wounded, 23% to evade)
The blast of sand hits the orc warrior but does no damage.
The orc warrior is severely wounded.
Unknown command.
You see here a +0 mace.
Casting: Sandblast (safe; 2% risk of failure)
Confirm with . or Enter, or press ? or * to list all spells.
Aiming: Sandblast (safe; 2% risk of failure)
Press: ? - help, Shift-Dir - straight line, f/p - orc warrior
Aim: an orc warrior, wielding a +0 trident and wearing a +0 chain mail (severely wounded, 23% to evade)
The blast of sand hits the orc warrior but does no damage.
The orc warrior is severely wounded.
The orc warrior barely misses you. The orc warrior misses you.
You see here a +0 mace.
You hit the orc warrior but do no damage.
The orc warrior is severely wounded.
The orc warrior hits you with a +0 trident!
Ouch! That really hurt!
You die...

##########
#####....o...#
....... #.#
.......#####.#
.......#..@o.#
.......#.######
#.............#
.###.#.....#.#
....#.....#.#
#.#.#.......#
#.#.#.....###
#.#.#...####
#............


You could see an orc warrior.

Vanquished Creatures
  A gnoll (D:1)
  An adder (D:2)
  An ooze (D:1)
  A worm (D:2)
  4 dart slugs
  4 leopard geckos
  An orc (D:3)
  3 giant cockroaches
  4 hobgoblins
  8 jackals
  A quokka (D:2)
  6 bats
  A frilled lizard (D:1)
  4 goblins
  3 kobolds
  6 rats
49 creatures vanquished.

Notes
Turn   | Place    | Note
-------+----------+-------------------------------------------
     0 | D:1      | Almogavar the Gargoyle Earth Elementalist began the quest
                  | for the Orb.
     0 | D:1      | Reached XP level 1. HP: 10/10 MP: 3/3
   182 | D:1      | Reached skill level 4 in Earth Magic
   182 | D:1      | Reached XP level 2. HP: 15/15 MP: 1/5
   513 | D:1      | Reached XP level 3. HP: 19/19 MP: 6/6
  1405 | D:2      | Reached XP level 4. HP: 21/24 MP: 6/8
  1582 | D:2      | Learned a level 3 spell: Stone Arrow
  1615 | D:2      | Found a white marble altar of Elyvilon.
  1626 | D:2      | Found a broken altar of Ashenzari.
  1659 | D:2      | Found an opulent altar of Gozag.
  2227 | D:3      | Noticed an orc warrior
  2292 | D:3      | Slain by an orc warrior

Illustrated notes

Levels and vault maps discovered:
D:1:      dpeg_arrival_renting, layout_loops_ring
D:2:      layout_rooms, general_overflow_altar, amethyst_overflow_temple_binary,
          minmay_close_crescents
D:3:      layout_basic, lemuel_round_altar, makhleb_altar_promises_db

Skill      XL: |  1 |
---------------+----+-----
Earth Magic    | 4 |  4.8
Fighting       | |  0.6
Maces & Flails | |  0.2
Dodging        | |  1.8
Stealth        | |  2.9
Spellcasting   | |  2.9
Transmutations | |  0.7

Action                   |  1- 3 |  4- 6 || total
-------------------------+-------+-------++-------
Melee: Spear             |    23 |       ||    23
       Mace              |    29 |    26 ||    55
 Cast: Sandblast         |    30 |    21 ||    51
  Use: Scroll            |     3 |     1 ||     4
 Stab: Sleeping          |     7 |     2 ||     9
Armor: Robe              |    28 |     9 ||    37
Dodge: Dodged            |    46 |    19 ||    65
